 Dungeon Crawl Stone Soup version 0.26-a0-651-gb41185065b (webtiles) character file.

Game seed: 13157582910150704191

28 Arthanis the Skirmisher (level 3, -1/34 HPs)
             Began as a Gargoyle Berserker on Oct 14, 2020.
             Was a Follower of Trog.
             Slain by an adder (3 damage)
             ... on level 2 of the Dungeon.
             The game lasted 00:00:57 (1335 turns).

Arthanis the Skirmisher (Gargoyle Berserker)        Turns: 1335, Time: 00:00:58

Health: -1/34      AC:  6    Str: 20    XL:     3   Next: 14%
Magic:  3/3        EV: 12    Int:  8    God:    Trog [*.....]
Gold:   17         SH:  0    Dex:  9    Spells: 2/2 levels left

rFire    . . .     SeeInvis .   a - +0 hand axe
rCold    . . .     Faith    .   (no shield)
rNeg     + . .     Spirit   .   b - +0 animal skin
rPois    ∞         Reflect  .   (no helmet)
rElec    +         Harm     .   (no cloak)
rCorr    .         Rampage  .   (no gloves)
MR       .....                  i - +0 pair of boots
Stlth    ..........             c - amulet of inaccuracy (curse)
HPRegen  0.11/turn              (no ring)
MPRegen  0.08/turn              (no ring)

@: berserking, very quick
A: negative energy resistance 1, electricity resistance, unbreathing,
petrification resistance, rot immunity, AC +3
a: Berserk, Renounce Religion


You were on level 2 of the Dungeon.
You worshipped Trog.
Trog was aware of your devotion.
You visited 1 branch of the dungeon, and saw 2 of its levels.

You collected 17 gold pieces.

Inventory:

Hand Weapons
 a - a +0 hand axe (weapon)
Armour
 b - a +0 animal skin (worn)
 i - a +0 pair of boots (worn)
Jewellery
 c - a cursed amulet of inaccuracy (around neck)
Scrolls
 e - 2 scrolls of identify {unknown}
 f - 4 scrolls of teleportation {unknown}
 g - a scroll of amnesia {unknown}
Potions
 d - a potion of curing {unknown}
 h - a potion of magic {unknown}
 j - a potion of lignification {unknown}


   Skills:
 + Level 3.6 Fighting
 * Level 3.2 Axes
 + Level 2.5 Armour
 + Level 1.9 Dodging


You had 2 spell levels left.
You didn't know any spells.
Your spell library was empty.

Dungeon Overview and Level Annotations

Branches:
Dungeon (2/15)

Altars:


Innate Abilities, Weirdness & Mutations

You are resistant to torment.
Your stone body is resilient. (AC +3)
You are immune to poison.
You resist negative energy. (rN+)
You are resistant to electric shocks. (rElec)
You can survive without breathing.
You are immune to petrification.
You are immune to rotting.


Message History

You barely miss the adder. The adder bites you.
You miss the adder. The adder closely misses you. The adder bites you.
You closely miss the adder.
The leopard gecko hisses angrily.
The adder bites you.
* * * LOW HITPOINT WARNING * * *
You miss the adder. The adder barely misses you. The adder misses you.
You miss the adder. The adder bites you but does no damage.
The adder bites you.
* * * LOW HITPOINT WARNING * * *
A red film seems to cover your vision as you go berserk!
You feel yourself moving faster!
You feel mighty! The adder misses you.
You barely miss the adder. The adder closely misses you.
You closely miss the adder. You closely miss the leopard gecko.
The leopard gecko bites you.
* * * LOW HITPOINT WARNING * * *
The adder bites you.
* * * LOW HITPOINT WARNING * * *
You barely miss the adder. You miss the leopard gecko. The adder bites you.
You die...

......#
......#
.....# #
#...# #.##.(#
#.#.....## #
.........##.#
.......<.@..#
#.......S#l##
#.<......#.#
##.......#.#
#........?.
............
.............
#.##.........


You could see an adder and a leopard gecko.

Vanquished Creatures
  2 giant cockroaches (D:1)
  A goblin (D:1)
  7 hobgoblins
  4 jackals (D:1)
  3 kobolds
  2 bats (D:1)
  2 frilled lizards (D:1)
  4 rats (D:1)
25 creatures vanquished.

Notes
Turn   | Place    | Note
-------+----------+-------------------------------------------
     0 | D:1      | Arthanis the Gargoyle Berserker began the quest for the
                  | Orb.
     0 | D:1      | Reached XP level 1. HP: 14/14 MP: 1/1
   132 | D:1      | Reached XP level 2. HP: 9/19 MP: 2/2
  1033 | D:1      | Reached XP level 3. HP: 23/23 MP: 3/3
  1335 | D:2      | Slain by an adder

Illustrated notes

Levels and vault maps discovered:
D:1:      dpeg_arrival_pond, layout_loops_ring
D:2:      layout_rooms, marbit_many_paths, minmay_diced_spiral

Skill      XL: |  1  2 |
---------------+-------+-----
Axes           | 3 |  3.2
Fighting       | |  3.6
Armour         | |  2.5
Dodging        | |  1.9

Action                   || total
-------------------------++-------
Melee: Hand axe          ||    81
Invok: Berserk           ||     1
Armor: Animal skin       ||    25
Dodge: Dodged            ||    59

Table legend: (Time is in decaauts)
 A = Elapsed time spent in this place.
 B = Non-inter-level travel time spent in this place.
 C = Inter-level travel time spent in this place.
 D = Time resting spent in this place.
 E = Time spent auto-exploring this place.
 F = Levels seen in this place.
 G = Mean time per level.
                   A        B        C        D        E       F      G
               +--------+--------+--------+--------+--------+-----+--------+
         Total |   1346 |   1343 |      3 |      0 |   1172 |   2 |  673.0 |
       Dungeon |   1346 |   1343 |      3 |      0 |   1172 |   2 |  673.0 |
               +--------+--------+--------+--------+--------+-----+--------+

Top non-repeatable levels by time:
     D:1: 1322 daAuts
     D:2: 23 daAuts
